 Dungeon Crawl Stone Soup version 0.20.1-1-g8b1a95d (webtiles) character file.

189 equalderp2856 the Shield-Bearer (level 5, -12/47 HPs)
             Began as a Minotaur Fighter on Aug 4, 2017.
             Mangled by an orc warrior
             ... wielding a +0 dire flail
              (24 damage)
             ... on level 4 of the Dungeon.
             The game lasted 00:04:45 (3097 turns).

equalderp2856 the Shield-Bearer (Minotaur Fighter)  Turns: 3097, Time: 00:04:46

Health: -12/47     AC:  9    Str: 20    XL:     5   Next: 40%
Magic:  4/4        EV:  5    Int:  5    God:
Gold:   116        SH:  9    Dex: 11    Spells: 4/4 levels left

rFire    . . .     SeeInvis .   a - +0 war axe
rCold    . . .     Gourm    .   c - +0 shield
rNeg     . . .     Faith    .   j - +0 chain mail
rPois    .         Spirit   .   (helmet restricted)
rElec    .         Reflect  .   (no cloak)
rCorr    .         Harm     .   (no gloves)
MR       .....                  (no boots)
Stlth    ..........             (no amulet)
Regen    0.2/turn               (no ring)
MPRegen  0.1/turn               (no ring)

@: no status effects
A: retaliatory headbutt, horns 2
a: no special abilities


You were on level 4 of the Dungeon.
You were very hungry.

You visited 1 branch of the dungeon, and saw 4 of its levels.

You collected 116 gold pieces.

Inventory:

Hand Weapons
 a - a +0 war axe (weapon)
 l - a +1 hunting sling of flaming
 n - a cursed -1 dagger
 w - a +0 short sword
 E - a +0 spear of pain
Missiles
 m - 8 javelins (quivered)
 p - a throwing net
 v - 78 stones
 x - 70 bolts
 y - 35 arrows
Armour
 b - a +0 scale mail
 c - a +0 shield (worn)
 j - a +0 chain mail (worn)
 F - a +0 robe
 G - a cursed -2 robe
Jewellery
 s - a +4 ring of dexterity {unknown}
Scrolls
 e - a scroll of amnesia {unknown}
 i - 5 scrolls of identify {unknown}
 r - 2 scrolls of fear {unknown}
 z - 2 scrolls of recharging {unknown}
 B - a scroll of teleportation {unknown}
 C - 2 scrolls of remove curse {unknown}
Potions
 d - 2 potions of might
 g - a potion of agility
 h - a potion of lignification {unknown}
 k - a potion of magic {unknown}
 o - a potion of brilliance {unknown}
 q - a potion of curing
 t - a potion of flight {unknown}
 u - a potion of cancellation {unknown}
Comestibles
 f - 3 bread rations
 A - a meat ration
 D - a fruit


   Skills:
 + Level 4.3 Fighting
 + Level 4.6 Axes
 + Level 4.7 Armour
 + Level 0.4 Dodging
 + Level 0.1 Stealth
 + Level 4.7 Shields


You had 4 spell levels left.
You didn't know any spells.

Dungeon Overview and Level Annotations

Branches:
Dungeon (4/15)
 Temple: D:4-7

Altars:
Okawaru
The Shining One


Innate Abilities, Weirdness & Mutations

You reflexively headbutt those who attack you in melee.
You have a pair of horns on your head.


Message History

The orc warrior closely misses you. You block the orc warrior's attack.
You hit the orc warrior. Your headbutt misses the orc warrior.
The orc warrior is heavily wounded.
You block the orc warrior's attack.
You hit the orc warrior.
The orc warrior is severely wounded.
The orc warrior hits you with a dire flail!
You hit the orc warrior but do no damage.
The orc warrior is severely wounded.
The orc warrior hits you with a dire flail.
You barely miss the orc warrior. You headbutt the orc warrior.
The orc warrior is severely wounded.
The orc warrior hits you with a dire flail.
You hit the orc warrior.
The orc warrior is almost dead.
The orc warrior hits you with a dire flail!
* * * LOW HITPOINT WARNING * * *
The orc warrior hits you with a dire flail!!
Ouch! That really hurt!
You die...

..#.........##
#.............#..<#
##......#..##..#...#
...................#
#......#.###..##..#
......#.. #.###..#
#!...#.# #.# #..#
#(...#.###.###..##
##.#...@#.##.........
........o..)....#..##
...........).......#
..!.......##.......#
##............#.####
................#
#####.###.###.#.# #.
### ###.# #. #


You could see an orc warrior.

Vanquished Creatures
  3 orc priests
  3 adders (D:2)
  3 worms
  A dart slug (D:2)
  A leopard gecko (D:1)
  4 orcs
  5 bats
  3 giant cockroaches
  4 goblins
  4 hobgoblins
  8 jackals
  A quokka (D:3)
  A ball python (D:3)
  2 frilled lizards
  9 kobolds
  7 rats
59 creatures vanquished.

Notes
Turn   | Place    | Note
-------+----------+-------------------------------------------
     0 | D:1      | equalderp2856 the Minotaur Fighter began the quest for the Orb.
     0 | D:1      | Reached XP level 1. HP: 19/19 MP: 0/0
   232 | D:1      | Reached XP level 2. HP: 26/27 MP: 1/1
   685 | D:2      | Reached XP level 3. HP: 22/33 MP: 2/2
  1265 | D:2      | Reached XP level 4. HP: 39/40 MP: 3/3
  1853 | D:3      | Found an iron altar of Okawaru.
  2050 | D:3      | Noticed an orc warrior
  2141 | D:4      | Found a glowing golden altar of the Shining One.
  2744 | D:3      | Reached XP level 5. HP: 42/46 MP: 4/4
  3097 | D:4      | Mangled by an orc warrior

Skill      XL: |  1  2  3  4 |
---------------+-------------+-----
Shields        | 4 |  4.7
Axes           | 3 4 |  4.6
Fighting       | 4 |  4.3
Armour         | 4 |  4.7
Dodging        | |  0.4
Stealth        | |  0.1

Action                   |  1- 3 |  4- 6 || total
-------------------------+-------+-------++-------
Melee: War axe           |    93 |    76 ||   169
       Headbutt          |    12 |    11 ||    23
  Use: Potion            |       |     2 ||     2
  Eat: Chunk             |     1 |     5 ||     6
Armor: Scale mail        |     9 |       ||     9
       Chain mail        |    39 |    40 ||    79
Dodge: Dodged            |    22 |    20 ||    42
Block: Shield            |    47 |    48 ||    95
